AoeStats
← HuNTeR <3<3<3 Chipdi

Arena

509720371Analyzed
1v1 RM · 4d ago on Sep 27, 2026· 33m 25s· 2 players
Game mode
Random Map
Map size
Tiny (2 player)
Population
200
Speed
Normal
Resources
Standard
Victory
Conquest
Starting age
Dark Age
Ending age
Imperial Age
RankedLock teamsTeams togetherTeam positionsShared explorationLock speedFull tech treeHidden civsTurbo modeCheats
Victory
Defeat
🇪🇸 Britons · Spain
1091
+16
1096
-16
manco
10:46 Feudal Age
15:32 Castle Age
13:27 Stone Mining
13:25 Double-Bit Axe
13:51 Horse Collar
14:53 Gold Mining
15:56 Wheelbarrow
16:34 Bow Saw
21:09 Loom
21:30 Heavy Plow
23:25 Hand Cart
28:28 Imperial Age
25:55 Fletching
26:41 Bodkin Arrow
26:46 Padded Archer Armor
28:13 Gold Shaft Mining
28:40 Leather Archer Armor
29:29 Ballistics
29:23 Bracer
29:53 Ring Archer Armor
31:24 Chemistry
31:06 Ring Archer Armor
30:34 Treadmill Crane
31:31 Conscription
32:47 Guilds
33:24 Yeomen
HuNTeR <3<3<3 Chipdi
0:26 Loom
12:14 Feudal Age
14:43 Double-Bit Axe
17:25 Castle Age
15:35 Horse Collar
16:27 Stone Mining
21:57 Wheelbarrow
25:57 Imperial Age
24:59 Ballistics
26:46 Bow Saw
27:24 Elite Skirmisher
29:54 Gold Mining
29:57 Fletching
30:08 Padded Archer Armor
31:59 Leather Archer Armor
31:40 Bodkin Arrow
34:29 Gold Shaft Mining
Connection lost

Rejoining the realm…

Still unreachable

The connection could not be restored.

Session expired

The server has moved on; the page needs a fresh start.